 Dungeon Crawl Stone Soup version 0.31.0-11-ge490571c62 (webtiles) character file.

Game seed: 8915205939516721114

130 Arctor the Digger (level 4, -2/24 HPs)
             Began as a Deep Elf Earth Elementalist on Jan 31, 2024.
             Slain by an orc
             ... wielding a +0 flail
              (3 damage)
             ... on level 3 of the Dungeon.
             The game lasted 00:02:44 (2141 turns).

Arctor the Digger (Deep Elf Earth Elementalist)     Turns: 2141, Time: 00:02:45

Health: -2/24      AC: 10    Str:  5    XL:     4   Next: 89%
Magic:  11/11      EV: -8    Int: 22    God:
Gold:   89         SH:  8    Dex: 15    Spells: 6/10 levels left

rFire   . . .        n - +2 whip (elec)
rCold   . . .        e - +0 kite shield
rNeg    . . .        l - +0 plate armour
rPois   .            (no helmet)
rElec   .            (no cloak)
rCorr   +            (no gloves)
SInv    .            (no boots)
Will    .....        (no amulet) Stlth
                     f - ring of resist corrosion
HPRegen 0.24/turn    (no ring)
MPRegen 0.12/turn

%: no passive effects
@: no status effects
A: no striking features
a: no special abilities


You were on level 3 of the Dungeon.
You visited 1 branch of the dungeon, and saw 3 of its levels.

You collected 89 gold pieces.

Inventory:

Hand Weapons
 d - a +0 short sword of freezing
 j - a +0 dagger
 n - a +2 whip of electrocution (weapon)
Missiles
 r - 2 darts of dispersal
Armour
 a - a +0 robe
 e - a +0 kite shield (worn)
 l - a +0 plate armour (worn)
Jewellery
 f - a ring of resist corrosion (left hand)
Wands
 o - a wand of paralysis (4)
Scrolls
 c - a scroll of fear
 h - a scroll of amnesia
 i - a scroll of teleportation
 p - a scroll of brand weapon {unknown}
 q - a scroll of fog {unknown}
Potions
 b - a potion of magic
 g - a potion of haste {unknown}
 k - a potion of curing {unknown}
 m - a potion of enlightenment {unknown}


   Skills:
 + Level 3.2 Dodging
 + Level 3.4 Stealth
 * Level 1.3 Shields
 + Level 3.8 Spellcasting
 + Level 2.2 Conjurations
 + Level 0.9 Summonings
 + Level 3.8 Earth Magic


You had 6 spell levels left.
You knew the following spells:

 Your Spells              Type           Power      Damage    Failure   Level
a - Sandblast             Erth           42%        2d11      100%        1
b - Call Canine Familiar  Summ           8%         N/A       100%        3

Your spell library contained the following spells:

 Spells                   Type           Power      Damage    Failure   Level
 Passwall                 Erth           21%        N/A       100%        3
 Sigil of Binding         Hex            4%         N/A       100%        3
 Stone Arrow              Conj/Erth      34%        3d9       100%        3
 Brom's Barrelling Bould  Conj/Erth      17%        2d4       100%        4
 Dimensional Bullseye     Hex/Tloc       2%         N/A       100%        4
 Petrify                  Alch/Erth      12%        N/A       100%        4


Dungeon Overview and Level Annotations

Branches:
Dungeon (3/15)

Altars:
Xom


Message History

Confirm with . or Enter, or press ? or * to list all spells.
Aiming: Sandblast (safe; 100% risk of failure)
Press: ? - help, Shift-Dir - straight line, f - orc
Aim: an orc, wielding a +0 short sword (83% to hit)
You miscast Sandblast.
You are very lightly contaminated with residual magic.
Nothing appears to happen.
Unknown command.
You closely miss the orc. You barely miss the orc.
The orc hits you with a +0 hand axe. The orc hits you but does no damage.
You whack the orc!
You kill the orc!
You hit the orc.
The orc is heavily wounded.
The orc completely misses you.
You barely miss the orc.
The orc is heavily wounded.
You block the orc's attack. x2
Your magical contamination has completely faded away.
You hit the orc.
You kill the orc!
You completely miss the orc. You block the orc's attack. x3
The orc hits you but does no damage.
You closely miss the orc. The orc hits you with a +0 flail.
The orc hits you from afar with a +0 trident.
You closely miss the orc. You block the orc's attack.
The orc hits you but does no damage. x2
The orc hits you from afar with a +0 trident.
* * * LOW HITPOINT WARNING * * *
You hit the orc.
The orc is almost dead.
The orc hits you with a +0 flail.
* * * LOW HITPOINT WARNING * * *
The orc hits you from afar with a +0 trident.
* * * LOW HITPOINT WARNING * * *
You closely miss the orc.
The orc is almost dead.
The orc hits you with a +0 flail.
You die...

### #.. #.#
#.# # .
#.#.#
....####.#.#
.<...oo@>..#
....####.###
# #.# ##.#
#..# #.##
#.# #.# #.#


You could see 2 orcs.

Vanquished Creatures
  Jessica (D:2)
  4 adders (D:2)
  A ribbon worm (D:2)
  2 dart slugs (D:1)
  3 orcs (D:3)
  5 bats
  5 endoplasms
  4 giant cockroaches
  4 goblins
  3 hobgoblins (D:2)
  A jackal (D:1)
  7 kobolds
  3 quokkas
  5 ball pythons
  4 frilled lizards
  3 rats
55 creatures vanquished.

Notes
Turn   | Place    | Note
-------+----------+-------------------------------------------
     0 | D:1      | Arctor the Deep Elf Earth Elementalist began the quest for
                  | the Orb.
     0 | D:1      | Reached XP level 1. HP: 10/10 MP: 6/6
   213 | D:1      | Reached XP level 2. HP: 8/15 MP: 5/8
   641 | D:1      | Reached XP level 3. HP: 19/19 MP: 7/9
   673 | D:1      | Learned a level 3 spell: Call Canine Familiar
  1077 | D:2      | Found a shimmering altar of Xom.
  1383 | D:2      | Reached XP level 4. HP: 19/24 MP: 9/11
  1622 | D:2      | Reached skill level 1 in Shields
  1632 | D:2      | Noticed Jessica
  1645 | D:2      | Killed Jessica
  2140 | D:3      | HP: 1/24 [orc/+0 trident (1)]
  2141 | D:3      | Slain by an orc

Illustrated notes

Levels and vault maps discovered:
D:1:      dpeg_arrival_castle, layout_basic, serial_bayou_pond_e,
          minmay_bisected
D:2:      layout_loops_ring, basic_altar, serial_forest,
          infiniplex_forest_clump_tiny, infiniplex_forest_lined_4_way,
          infiniplex_forest_lined_room_3, infiniplex_forest_clump_curved,
          infiniplex_forest_end_3, infiniplex_forest_straight_3,
          infiniplex_forest_lined_room_, infiniplex_forest_clump_medium,
          infiniplex_forest_diagonal, uniq_jessica
D:3:      layout_rooms, hellmonk_ecumenical_altar_inner_sanctum,
          minmay_misc_feat_columns

Skill      XL: |  1  2  3  4 |
---------------+-------------+-----
Stealth        | 3 |  3.4
Dodging        | 3 |  3.2
Conjurations   | 2 |  2.2
Shields        | 1 |  1.3
Spellcasting   | |  3.8
Summonings     | |  0.9
Earth Magic    | |  3.8

Action                     |  1- 3 |  4- 6 || total
---------------------------+-------+-------++-------
  Melee: Dagger            |   118 |       ||   118
         Whip              |       |    71 ||    71
   Cast: Sandblast         |    32 |       ||    32
    Use: Scroll            |       |     3 ||     3
 Armour: Robe              |     7 |       ||     7
         Plate armour      |   144 |    62 ||   206
  Dodge: Dodged            |    10 |     3 ||    13
  Block: Kite shield       |    85 |    35 ||   120
